 Dungeon Crawl Stone Soup version 0.29.1-13-g9f3cf754e1 (webtiles) character file.

Game seed: 15607228969576644413

96 CungeonDrawl the Stinger (level 4, -2/30 HPs)
             Began as a Demonspawn Venom Mage on Jan 24, 2023.
             Slain by an orc wizard
             ... wielding a +0 dagger
              (3 damage)
             ... on level 3 of the Dungeon.
             The game lasted 00:18:43 (3895 turns).

CungeonDrawl the Stinger (Demonspawn Venom Mage)    Turns: 3895, Time: 00:18:44

Health: -2/30      AC:  2    Str:  8    XL:     4   Next: 41%
Magic:  0/9        EV: 12    Int: 18    God:
Gold:   146        SH:  0    Dex: 14    Spells: 6/9 levels left

rFire   . . .      SeeInvis .   o - staff of air
rCold   . . .      Faith    .   (no shield)
rNeg    . . .      Spirit   +   a - +0 robe
rPois   .          Reflect  .   (no helmet)
rElec   +          Harm     .   (no cloak)
rCorr   .          Rampage  .   (no gloves)
Will    .....                   (no boots)
Stlth   +.........              i - amulet of guardian spirit
HPRegen 0.10/turn               (no ring)
MPRegen 0.11/turn               (no ring)

@: confused, weak-willed
A: condensation shield
a: no special abilities


You were on level 3 of the Dungeon.
You visited 1 branch of the dungeon, and saw 3 of its levels.

You collected 146 gold pieces.

Inventory:

Hand Weapons
 d - a +1 whip of freezing
Armour
 a - a +0 robe (worn)
Magical Staves
 o - a staff of air (weapon)
Jewellery
 i - an amulet of guardian spirit (around neck)
Scrolls
 c - a scroll of vulnerability
 g - 3 scrolls of identify {unknown}
 h - a scroll of noise {unknown}
 l - a scroll of butterflies {unknown}
 m - a scroll of enchant armour {unknown}
 n - a scroll of teleportation {unknown}
Potions
 b - a potion of magic
 f - a potion of attraction {unknown}
 j - a potion of ambrosia {unknown}
 k - a potion of lignification {unknown}
 p - a potion of heal wounds {unknown}


   Skills:
 - Level 1.7 Dodging
 - Level 1.7 Stealth
 * Level 3.3 Spellcasting
 - Level 0.8 Transmutations
 * Level 4.2 Poison Magic


You had 6 spell levels left.
You knew the following spells:

 Your Spells              Type           Power      Damage    Failure   Level
a - Sting                 Tmut/Pois      48%        1d5       5%          1
b - Poisonous Vapours     Pois/Air       32%        N/A       10%         2

Your spell library contained the following spells:

 Spells                   Type           Power      Damage    Failure   Level
 Apportation              Tloc           6%         N/A       16%         1
 Necrotise                Necr           12%        1d4       16%         1
 Summon Small Mammal      Summ           12%        N/A       16%         1
 Mephitic Cloud           Conj/Pois/Air  12%        N/A       26%         3
 Olgreb's Toxic Radiance  Pois           18%        N/A       26%         4


Dungeon Overview and Level Annotations

Branches:
Dungeon (3/15)

Altars:

Shops:
D:1 :


Innate Abilities, Weirdness & Mutations

A meltable shield of frost defends you. (SH +0)


Message History

Something hits you.
A magic dart appears from out of thin air!
The magic dart hits you!
* * * LOW HITPOINT WARNING * * *
You feel better.
As you read the scroll labelled PEUB OLACUPOCH, it crumbles to dust.
Magic quickly surges around you.
It was a scroll of vulnerability.
You hear some strange, mumbled words.
You are confused.
Okay, then.
Unknown command.
You are too confused!
Unknown command.
Unknown command.
Something hits you.
You hear some strange, mumbled words.
A puff of flame appears from out of thin air!
The puff of flame misses you.
You bump into the rock wall.
You hear some strange, mumbled words.
You are more confused.
A magic dart appears from out of thin air!
The magic dart hits you.
* * * LOW HITPOINT WARNING * * *
You're too confused to move!
You hear some strange, mumbled words.
You are more confused.
You bump into the rock wall.
You bump into the rock wall.
You're too confused to move!
Something hits you but does no damage.
You bump into the rock wall.
Something hits you.
* * * LOW HITPOINT WARNING * * *
You're too confused to move!
You hear some strange, mumbled words.
A puff of flame appears from out of thin air!
The puff of flame hits you.
Your condensation shield dissipates!
* * * LOW HITPOINT WARNING * * *
Something hits you.
You die... #.# o...... #†# ..... #.# .oo

#.# #'# #.# #.# #.#
#####o# #.# #.o..o#
#.#################.#####
#............@{oooo.#
#.################### ###


You could see 4 orcs.

Vanquished Creatures
  3 adders
  2 worms (D:2)
  A dart slug (D:3)
  2 orcs (D:3)
  7 bats
  9 endoplasms
  3 giant cockroaches
  4 goblins
  6 hobgoblins
  2 quokkas
  4 ball pythons
  9 frilled lizards
  3 kobolds
  2 rats
  A spectral hobgoblin (D:1)
58 creatures vanquished.

Notes
Turn   | Place    | Note
-------+----------+-------------------------------------------
     0 | D:1      | CungeonDrawl the Demonspawn Venom Mage began the quest for
                  | the Orb.
     0 | D:1      | Reached XP level 1. HP: 13/13 MP: 3/3
   322 | D:1      | Gained mutation: A meltable shield of frost defends you.
                  | (SH +0) [demonic ancestry]
   322 | D:1      | Reached XP level 2. HP: 15/19 MP: 3/5
   484 | D:1      | Found a faded altar of an unknown god.
   932 | D:1      | Found Susoefas's Book Emporium.
  1055 | D:2      | Reached XP level 3. HP: 4/24 MP: 0/7
  1058 | D:2      | Learned a level 2 spell: Poisonous Vapours
  1913 | D:2      | Reached skill level 4 in Poison Magic
  2781 | D:2      | Reached XP level 4. HP: 30/30 MP: 0/8
  3894 | D:3      | HP: 1/30 [something/puff of flame (5)]
  3895 | D:3      | Slain by an orc wizard

Illustrated notes

Levels and vault maps discovered:
D:1:      lightli_arrival_chessboard, layout_rooms, serial_shops, shop,
          dreamdust_ecumenical_altar_drowned_temple
D:2:      kennysheep_big_flooded_room, layout_loops_corners
D:3:      layout_basic, minmay_fountain_box

Skill      XL: |  1  2  3 |
---------------+----------+-----
Spellcasting   | 3 |  3.3
Poison Magic   | 4 |  4.2
Dodging        | |  1.7
Stealth        | |  1.7
Transmutations | |  0.8

Action                   |  1- 3 |  4- 6 || total
-------------------------+-------+-------++-------
Melee: Unarmed           |    12 |       ||    12
       Short sword       |    16 |       ||    16
       Spear             |    10 |       ||    10
       Whip              |    27 |     8 ||    35
       Staff             |       |     6 ||     6
 Cast: Sting             |    59 |     4 ||    63
       Poisonous Vapours |    13 |    21 ||    34
  Use: Potion            |     1 |     1 ||     2
       Scroll            |       |     1 ||     1
 Stab: Sleeping          |       |     1 ||     1
Armor: Robe              |     8 |     2 ||    10
Dodge: Dodged            |    39 |     9 ||    48
Block: Other             |    11 |       ||    11
